 Dungeon Crawl Stone Soup version 0.29-a0-962-gc8bbfd0a37 (webtiles) character file.

Game seed: 8752321384195506448

10772 wilfster70 the Carver (level 11, -4/90 HPs)
             Began as a Demonspawn Fighter on July 30, 2022.
             Was a Believer of Qazlal.
             Slain by a brown ugly thing (21 damage)
             ... on level 10 of the Dungeon.
             The game lasted 00:26:47 (14289 turns).

wilfster70 the Carver (Demonspawn Fighter)         Turns: 14289, Time: 00:26:47

Health: -4/90      AC:  6    Str: 17    XL:     11   Next: 40%
Magic:  27/27      EV:  4    Int: 13    God:    Qazlal [**....]
Gold:   606        SH: 14    Dex: 17    Spells: 10/10 levels left

rFire   . . .      SeeInvis .   a - +4 falchion
rCold   . . .      Faith    .   c - +1 buckler
rNeg    . . .      Spirit   .   u - +0 plate armour
rPois   .          Reflect  +   (no helmet)
rElec   .          Harm     .   H - +0 cloak
rCorr   .          Rampage  .   (gloves unavailable)
Will    .....                   v - +1 pair of boots
Stlth   ..........              h - amulet of reflection
HPRegen 0.25/turn               g - ring of magical power
MPRegen 0.20/turn               k - +4 ring of protection

@: corroded
A: claws 3, thin skeletal structure 2, ignite blood 1
a: Renounce Religion, Upheaval


You were on level 10 of the Dungeon.
You worshipped Qazlal.
Qazlal was pleased with you.
You visited 2 branches of the dungeon, and saw 12 of its levels.

You collected 606 gold pieces.

Inventory:

Hand Weapons
 a - a +4 falchion (weapon)
Missiles
 i - 3 boomerangs of dispersal (quivered)
Armour
 c - a +1 buckler (worn)
 u - a +0 plate armour (worn)
 v - a +1 pair of boots (worn)
 H - a +0 cloak (worn)
Jewellery
 g - a ring of magical power (left claw)
 h - an amulet of reflection (around neck)
 k - a +4 ring of protection (right claw)
 n - a ring of ice
 q - a ring of resist corrosion
 r - an amulet of faith
 I - a ring of protection from fire
Wands
 p - a wand of charming (8)
 A - a wand of polymorph (5)
 B - a wand of quicksilver (12)
Scrolls
 d - 6 scrolls of teleportation
 l - 2 scrolls of magic mapping
 o - 3 scrolls of butterflies
 w - a scroll of silence
 y - a scroll of enchant armour
 C - a scroll of noise {unknown}
 D - a scroll of fear
 F - a scroll of blinking
Potions
 b - a potion of ambrosia
 e - 7 potions of curing
 f - a potion of mutation {unknown}
 j - 2 potions of magic
 m - 6 potions of lignification
 s - a potion of might
 t - 4 potions of heal wounds
 x - a potion of degeneration {unknown}
 z - a potion of flight {unknown}
 E - a potion of attraction {unknown}
 G - a potion of brilliance {unknown}
 J - a potion of haste {unknown}


   Skills:
 + Level 10.0 Fighting
 * Level 12.4 Long Blades
 - Level 2.6 Armour
 - Level 2.6 Shields
 + Level 10.3 Invocations


You had 10 spell levels left.
You didn't know any spells.
Your spell library contained the following spells:

 Spells                   Type           Power      Damage    Failure   Level
 Necrotise                Necr           0%         1d4       100%        1
 Slow                     Hex            0%         N/A       100%        1
 Sting                    Tmut/Pois      0%         1d3       100%        1
 Poisonous Vapours        Pois/Air       0%         N/A       100%        2
 Portal Projectile        Hex/Tloc       0%         N/A       100%        3
 Tukima's Dance           Hex            0%         N/A       100%        3
 Vampiric Draining        Necr           0%         2d6       100%        3
 Olgreb's Toxic Radiance  Pois           0%         N/A       100%        4
 Passage of Golubria      Tloc           0%         N/A       100%        4
 Agony                    Necr           0%         N/A       100%        5
 Blade Hands              Tmut           0%         N/A       100%        5
 Silence                  Hex/Air        0%         N/A       100%        5
 Lehudib's Crystal Spear  Conj/Erth      0%         10d2      100%        8


Dungeon Overview and Level Annotations

Branches:
Dungeon (11/15)            Temple (1/1) D:5            Lair (0/5) D:9
    Orc (0/2) D:11

Altars:
Ashenzari
Cheibriados
Dithmenos
Fedhas
Gozag
Hepliaklqana
Kikubaaqudgha
Makhleb
Nemelex Xobeh
Okawaru
Qazlal
Ru
Sif Muna
Trog
Uskayaw
Vehumet
Wu Jian
Xom
Yredelemnul

Shops:
D:7 :

Annotations:
D:8 1 runed translucent door
D:11 Psyche


Innate Abilities, Weirdness & Mutations

You have claws for hands.
You have a moderately thin skeletal structure. (Dex +4, Stealth++)
Your demonic aura sometimes causes spilled blood to erupt in flames.


Message History

The acid corrodes you!
You are splashed with acid!
* * * LOW HITPOINT WARNING * * *
Something hits you but does no damage.
You blink.
You feel much better.
You hear some strange, mumbled words.
A swirling arc of seething chaos appears!
An arc of chaos appears from out of thin air!
The arc of chaos hits the brown ugly thing.
The arc of chaos hits you.
You hit the brown ugly thing but do no damage.
The brown ugly thing is heavily wounded.
The brown ugly thing trunk-slaps you but does no damage.
You hit the brown ugly thing.
The brown ugly thing is heavily wounded.
The brown ugly thing trunk-slaps you!
* * * LOW HITPOINT WARNING * * *
You are splashed with acid!
* * * LOW HITPOINT WARNING * * *
You hit the brown ugly thing.
The brown ugly thing is severely wounded.
The brown ugly thing trunk-slaps you but does no damage.
You feel much better. The brown ugly thing trunk-slaps you!
The acid corrodes you!
You are splashed with acid!
* * * LOW HITPOINT WARNING * * *
You hit the brown ugly thing but do no damage.
The brown ugly thing is severely wounded.
You completely miss the brown ugly thing.
The brown ugly thing is severely wounded.
You block the brown ugly thing's attack.
You hear some strange, mumbled words.
A swirling arc of seething chaos appears!
An arc of chaos appears from out of thin air!
The arc of chaos hits the brown ugly thing.
The brown ugly thing goes berserk!
The arc of chaos hits you.
* * * LOW HITPOINT WARNING * * *
You hit the brown ugly thing but do no damage.
The brown ugly thing is heavily wounded.
You block the brown ugly thing's attack.
The brown ugly thing trunk-slaps you!!
You die...

#....###<..##...........#
#.......[...+...........#
#....^.....###'####.....#
...........##....##.....#
####+###...##.....#.....#
#....###...##.....#.....#
............#.....#.....#
............#.....'.>...#
............#...@u#.....#
###+####'####'#####.....#
..................#######
..........†.......#
..................#
..................#
..................#
..................#
..................#


You could see a brown ugly thing (berserk, strong).

Vanquished Creatures
  Erolcha (D:11)
  2 two-headed ogres
  The ghost of Megustar the Arsonist, a novice DEFE of Vehumet (D:8)
  A cyclops (D:11)
  Joseph (D:9)
  A gargoyle (D:8)
  An unseen horror (D:9)
  A komodo dragon (D:10)
  2 trolls
  3 wraiths
  A ynoxinul (D:8)
  13 yaks
  2 steam dragons (D:7)
  An acid dragon (D:9)
  A water moccasin (D:9)
  Duvessa (D:4)
  2 orc warriors (D:8)
  2 black bears
  3 centaurs
  A kobold brigand (D:8)
  A phantom (D:6)
  3 bullfrogs
  3 necrophages
  A gnoll sergeant (D:5)
  A scorpion (D:4)
  12 wights
  Dowan (D:4)
  9 killer bees
  5 howler monkeys
  5 orc priests
  3 hounds
  2 human zombies (D:8)
  An iguana (D:5)
  Terence (D:3)
  13 orc wizards
  5 gnolls
  9 adders
  4 worms
  4 dart slugs
  33 orcs
  10 bats
  9 endoplasms
  6 giant cockroaches
  3 goblins
  7 hobgoblins
  3 jackals (D:1)
  6 quokkas
  5 ball pythons
  2 frilled lizards (D:2)
  A goblin zombie (D:8)
  11 kobolds
  6 rats
226 creatures vanquished.

Notes
Turn   | Place    | Note
-------+----------+-------------------------------------------
     0 | D:1      | wilfster70 the Demonspawn Fighter began the quest for the
                  | Orb.
     0 | D:1      | Reached XP level 1. HP: 18/18 MP: 1/1
   124 | D:1      | Reached skill level 2 in Long Blades
   132 | D:1      | Gained mutation: Your demonic aura sometimes causes spilled
                  | blood to erupt in flames. [demonic ancestry]
   132 | D:1      | Reached XP level 2. HP: 24/24 MP: 2/2
   950 | D:1      | Reached XP level 3. HP: 19/29 MP: 3/3
  1380 | D:2      | Reached skill level 3 in Long Blades
  1766 | D:2      | Gained mutation: You have sharp fingernails. [demonic
                  | ancestry]
  1766 | D:2      | Reached XP level 4. HP: 35/37 MP: 4/4
  2261 | D:3      | Noticed Terence
  2280 | D:3      | Killed Terence
  2560 | D:3      | Reached skill level 4 in Long Blades
  2622 | D:3      | Gained mutation: You have very sharp fingernails. [demonic
                  | ancestry]
  2622 | D:3      | Reached XP level 5. HP: 32/42 MP: 5/5
  2767 | D:3      | Found a faded altar of an unknown god.
  2767 | D:3      | Noticed a shining eye
  3096 | D:3      | Noticed a shining eye
  3100 | D:3      | Noticed an eye of devastation
  3100 | D:3      | Noticed a great orb of eyes
  3414 | D:4      | Noticed a black bear
  3428 | D:4      | Killed a black bear
  3429 | D:4      | Reached skill level 5 in Long Blades
  3429 | D:4      | Reached XP level 6. HP: 41/49 MP: 6/6
  3784 | D:4      | Reached skill level 5 in Fighting
  3828 | D:4      | Noticed Duvessa
  3863 | D:4      | Noticed Dowan
  3882 | D:4      | Reached XP level 7. HP: 43/56 MP: 7/7
  3897 | D:4      | Killed Duvessa
  3898 | D:4      | Reached skill level 6 in Long Blades
  3912 | D:4      | Killed Dowan
  4523 | D:5      | Entered Level 5 of the Dungeon
  4543 | D:5      | Found a staircase to the Ecumenical Temple.
  4551 | D:5      | You fall into a shaft and drop 1 floor!
  4718 | Temple   | Entered the Ecumenical Temple
  4772 | Temple   | Became a worshipper of Qazlal Stormbringer
  4994 | D:5      | Found an ancient bone altar of Kikubaaqudgha.
  5034 | D:5      | Reached skill level 7 in Long Blades
  5083 | D:5      | Reached skill level 1 in Invocations
  5083 | D:5      | Gained mutation: You have claws for hands. [demonic
                  | ancestry]
  5083 | D:5      | Reached XP level 8. HP: 56/64 MP: 8/8
  6431 | D:7      | Reached skill level 8 in Long Blades
  7081 | D:7      | Found Tywaas's Book Boutique.
  7274 | D:7      | Reached * piety under Qazlal
  7294 | D:7      | Reached XP level 9. HP: 64/72 MP: 12/12
  7325 | D:7      | Reached skill level 5 in Invocations
  8057 | D:8      | Reached skill level 9 in Long Blades
  8523 | D:8      | Found a runed translucent door.
  8525 | D:8      | Found a basalt altar of Yredelemnul.
  8725 | D:8      | Found a runed translucent door.
  8726 | D:8      | Noticed Megustar's ghost (novice DEFE)
  8745 | D:8      | Reached ** piety under Qazlal
  8988 | D:8      | Reached skill level 10 in Long Blades
  8995 | D:8      | Found a snail-covered altar of Cheibriados.
  9065 | D:8      | Found a blossoming altar of Fedhas.
  9074 | D:8      | Noticed a troll
  9075 | D:8      | Found a bloodstained altar of Trog.
  9082 | D:8      | Killed a troll
  9106 | D:8      | Gained mutation: You have a somewhat thin skeletal
                  | structure. (Dex +2, Stealth+) [demonic ancestry]
  9106 | D:8      | Reached XP level 10. HP: 80/80 MP: 15/15
  9109 | D:8      | Found a shimmering blue altar of Sif Muna.
  9116 | D:8      | Got Sif Muna's Compendium of Hexing
  9235 | D:8      | Noticed a gargoyle
  9246 | D:8      | Killed a gargoyle
  9935 | D:8      | Found a radiant altar of Vehumet.
  9935 | D:8      | Found a broken altar of Ashenzari.
  9935 | D:8      | Found a hazy altar of Hepliaklqana.
  9935 | D:8      | Found a shimmering altar of Xom.
  9936 | D:8      | Found an opulent altar of Gozag.
  9936 | D:8      | Found a shadowy altar of Dithmenos.
  9938 | D:8      | Found a burning altar of Makhleb.
  9939 | D:8      | Found a sparkling altar of Nemelex Xobeh.
  9939 | D:8      | Found a hide-covered altar of Uskayaw.
  9940 | D:8      | Found an iron altar of Okawaru.
  9994 | D:8      | Killed Megustar's ghost
 10233 | D:8      | Reached skill level 11 in Long Blades
 10625 | D:9      | Noticed a two-headed ogre
 10634 | D:9      | Killed a two-headed ogre
 10840 | D:9      | Found a staircase to the Lair.
 11312 | D:9      | Identified the amulet "Qolalem" {Faith rN+ Str-4 Int+3}
 11353 | D:9      | Noticed Joseph
 11361 | D:9      | Killed Joseph
 11362 | D:9      | Gained mutation: You have a moderately thin skeletal
                  | structure. (Dex +4, Stealth++) [demonic ancestry]
 11362 | D:9      | Reached XP level 11. HP: 81/89 MP: 18/18
 11815 | D:10     | Entered Level 10 of the Dungeon
 13490 | D:11     | Noticed a two-headed ogre
 13500 | D:11     | Killed a two-headed ogre
 13501 | D:11     | Reached skill level 12 in Long Blades
 13622 | D:11     | Noticed Erolcha
 13637 | D:11     | Reached skill level 10 in Invocations
 13640 | D:11     | Killed Erolcha
 13991 | D:11     | Found a staircase to the Orcish Mines.
 14012 | D:11     | Reached skill level 10 in Fighting
 14256 | D:11     | Noticed a brown ugly thing
 14256 | D:11     | Noticed Psyche
 14289 | D:10     | Slain by a brown ugly thing

Illustrated notes

Levels and vault maps discovered:
D:1:      minmay_arrival_up_and_down, layout_basic, st_stairs_4,
          kennysheep_another_room
D:2:      layout_rooms, minmay_misc_feat_hallway
D:3:      layout_basic, hellmonk_ecumenical_altar_watching_god,
          minmay_fractal_squares_diagonal_5, uniq_terence
D:4:      layout_rooms, uniq_duvessa
D:5:      layout_basic, mainiacjoe_overflow_alcove_2,
          minmay_temple_entry_slanted
D:6:      layout_rooms
D:7:      layout_basic, serial_shops, nicolae_shop_hallway_plus,
          nicolae_water_bricks
D:8:      layout_basic, nzn_overflow_gifts_of_might_and_magic, slow_altar_2,
          nicolae_overflows_in_rows, fedhas_bush_and_centaur_altar,
          dk_yredelemnul_ordeal, hellmonk_ghost_happy_afterlife
D:9:      layout_layer_cave, dpeg_oklobed_lair, uniq_joseph
D:10:     layout_gridville
D:11:     layout_cross, orc_0_dummy, serial_shops,
          nicolae_shop_overgrown_old_shop, uniq_erolcha, uniq_psyche
Temple:   hellmonk_temple_beads

Skill      XL: |  1  2  3  4  5  6  7  8  9 10 11 |
---------------+----------------------------------+-----
Long Blades    | 2 3 4 5 7 8 10 11 12 | 12.4
Fighting       | 4 5 6 7 8 9 10 | 10.0
Invocations    | 1 4 7 9 10 | 10.3
Armour         | |  2.6
Shields        | |  2.6

Action                   |  1- 3 |  4- 6 |  7- 9 | 10-12 || total
-------------------------+-------+-------+-------+-------++-------
Melee: Long sword        |   140 |   252 |   350 |       ||   742
       Falchion          |       |       |    25 |   243 ||   268
  Use: Scroll            |     6 |     5 |     7 |     3 ||    21
       Potion            |       |     1 |     1 |     2 ||     4
Armor: Scale mail        |    82 |   121 |    17 |       ||   220
       Plate armour      |       |       |   185 |   160 ||   345
Dodge: Dodged            |    66 |    66 |    53 |    30 ||   215
Block: Buckler           |    78 |   150 |   216 |   162 ||   606
       Reflection        |       |       |     9 |     7 ||    16

Table legend: (Time is in decaauts)
 A = Elapsed time spent in this place.
 B = Non-inter-level travel time spent in this place.
 C = Inter-level travel time spent in this place.
 D = Time resting spent in this place.
 E = Time spent auto-exploring this place.
 F = Levels seen in this place.
 G = Mean time per level.
                   A        B        C        D        E       F      G
               +--------+--------+--------+--------+--------+-----+--------+
         Total |  14372 |  13938 |    434 |   4440 |   5994 |  12 | 1197.7 |
       Dungeon |  14258 |  13837 |    421 |   4440 |   5950 |  11 | 1296.2 |
        Temple |    113 |    101 |     12 |      0 |     44 |   1 |  113.0 |
               +--------+--------+--------+--------+--------+-----+--------+

Top non-repeatable levels by time:
     D:9: 2486 daAuts
     D:8: 2208 daAuts
     D:7: 1683 daAuts
     D:3: 1347 daAuts
     D:4: 1318 daAuts
     D:1: 1314 daAuts
    D:10: 1146 daAuts
     D:5: 911 daAuts
     D:2: 780 daAuts
     D:6: 698 daAuts
    D:11: 361 daAuts
  Temple: 113 daAuts
